 Dungeon Crawl Stone Soup version 0.25-a0-404-gc1b5a34292 (webtiles) character file.

Game seed: 1740367245640908287, levelgen mode: deterministic

113 kae the Gusty (level 4, 0/49 HPs)
             Began as a Draconian Air Elementalist on Jan 10, 2020.
             Was a Follower of Vehumet.
             Slain by a gnoll
             ... wielding a +0 spear
              (5 damage)
             ... on level 3 of the Dungeon.
             The game lasted 00:03:06 (2830 turns).

kae the Gusty (Draconian Air Elementalist)          Turns: 2830, Time: 00:03:06

Health: 0/49       AC:  5    Str: 15    XL:     4   Next: 65%
Magic:  0/8        EV: 12    Int: 17    God:    Vehumet [*.....]
Gold:   92         SH:  0    Dex: 11    Spells: 2/8 levels left

rFire    . . .     SeeInvis .   e - +2 dagger (venom)
rCold    . . .     Gourm    .   (no shield)
rNeg     . . .     Faith    .   (armour unavailable)
rPois    .         Spirit   .   (helmet restricted)
rElec    .         Reflect  .   (no cloak)
rCorr    +         Harm     .   (no gloves)
MR       .....                  (no boots)
Stlth    ..........             (no amulet)
HPRegen  0.16/turn              g - ring of resist corrosion
MPRegen  0.11/turn              (no ring)

@: berserking, very slightly contaminated, very quick
A: unfitting armour, cold-blooded, AC +5
a: Renounce Religion


You were on level 3 of the Dungeon.
You worshipped Vehumet.
Vehumet was aware of your devotion.
You were not hungry.

You visited 1 branch of the dungeon, and saw 3 of its levels.

You collected 92 gold pieces.

Inventory:

Hand Weapons
 e - a +2 dagger of venom (weapon)
Jewellery
 g - a ring of resist corrosion (left hand)
Scrolls
 d - a scroll of remove curse
Potions
 c - a potion of haste {unknown}
 f - a potion of brilliance {unknown}
Comestibles
 b - 4 rations


   Skills:
 - Level 1.7 Dodging
 - Level 1.7 Stealth
 + Level 2.7 Spellcasting
 + Level 2.3 Conjurations
 * Level 4.4 Air Magic


You had 2 spell levels left.
You knew the following spells:

 Your Spells              Type           Power        Failure   Level  Hunger
a - Shock                 Conj/Air       ##..         4%          1    #......
b - Static Discharge      Conj/Air       ##......     13%         3    ###....
c - Swiftness             Chrm/Air       #.......     11%         2    ##.....

Your spell library contained the following spells:

 Spells                   Type           Power        Failure   Level  Hunger
 Foxfire                  Conj/Fire      #...         11%         1    #......
 Airstrike                Air            ###.......   28%         4    #####..
 Lightning Bolt           Conj/Air       ##........   77%         5    ######.


Dungeon Overview and Level Annotations

Branches:
Dungeon (3/15)

Altars:
Ashenzari
Cheibriados
Elyvilon
Makhleb
Qazlal
Ru
Vehumet


Innate Abilities, Weirdness & Mutations

Your plain brown scales are hard. (AC +5)
You cannot fit into any form of body armour.
You are cold-blooded and may be slowed by cold attacks.


Message History

The gnoll is heavily wounded.
The gnoll hits you with a +0 spear!
* * * LOW HITPOINT WARNING * * *
Casting: Shock (safe; 4% risk of failure)
Confirm with . or Enter, or press ? or * to list all spells.
Aiming: Shock (safe; 4% risk of failure)
Press: ? - help, Shift-Dir - straight line The zap misses the gnoll. x2; The gnoll barely misses you.
Casting: Shock (safe; 4% risk of failure)
Confirm with . or Enter, or press ? or * to list all spells.
Aiming: Shock (safe; 4% risk of failure)
Press: ? - help, Shift-Dir - straight line The zap misses the gnoll.
The zap hits the gnoll.
The gnoll is severely wounded.
The gnoll hits you with a +0 spear.
* * * LOW HITPOINT WARNING * * *
A red film seems to cover your vision as you go berserk!
You feel yourself moving faster!
You feel mighty! The gnoll hits you with a +0 spear.
You die...

#....>.)'.# #....#####
#.......#.#######.##.#...#
........#.)†....#.##.#.#.#
........#######.#.##.....##
......gg#######.#.####....#
..............#.#......<#.#
..............#.#.###.#...#
.....g........#.#.# #.#.###
....##........#g@.# #...#
.<..##.†......##### #####
....##........#
###.......g...#
#............ #............
#........... ...........


You could see a gnoll.

Vanquished Creatures
  2 gnolls (D:3)
  2 adders
  2 dart slugs (D:1)
  2 leopard geckos (D:2)
  3 ball pythons (D:2)
  A giant cockroach (D:1)
  6 goblins
  11 hobgoblins
  9 jackals
  2 quokkas (D:3)
  6 bats
  6 frilled lizards
  8 kobolds
  2 rats
62 creatures vanquished.

Notes
Turn   | Place    | Note
-------+----------+-------------------------------------------
     0 | D:1      | kae the Draconian Air Elementalist began the quest for the
                  | Orb.
     0 | D:1      | Reached XP level 1. HP: 14/14 MP: 3/3
   238 | D:1      | Reached XP level 2. HP: 20/20 MP: 0/5
  1151 | D:1      | Reached XP level 3. HP: 22/26 MP: 1/6
  1867 | D:2      | Found a radiant altar of Vehumet.
  1869 | D:2      | Found a burning altar of Makhleb.
  1869 | D:2      | Found a stormy altar of Qazlal.
  1869 | D:2      | Found a white marble altar of Elyvilon.
  1951 | D:2      | Found a shattered altar of Ashenzari.
  1951 | D:2      | Found a sacrificial altar of Ru.
  1951 | D:2      | Found a snail-covered altar of Cheibriados.
  1956 | D:2      | Became a worshipper of Vehumet
  2040 | D:2      | Reached skill level 4 in Air Magic
  2369 | D:2      | Reached XP level 4. HP: 33/33 MP: 4/7
  2478 | D:2      | Learned a level 3 spell: Static Discharge
  2481 | D:2      | Learned a level 2 spell: Swiftness
  2791 | D:3      | Reached * piety under Vehumet
  2791 | D:3      | Offered knowledge of Foxfire by Vehumet.
  2830 | D:3      | Slain by a gnoll

Levels and vault maps discovered:
D:1:      scummos_arrival_simple_fountains, layout_basic
D:2:      layout_basic, grunt_temple_overflow_open, hex_intersection
D:3:      layout_basic, first_ration

Skill      XL: |  1  2  3 |
---------------+----------+-----
Air Magic      | 4 |  4.4
Conjurations   | 2 |  2.3
Dodging        | |  1.7
Stealth        | |  1.7
Spellcasting   | |  2.7

Action                   |  1- 3 |  4- 6 || total
-------------------------+-------+-------++-------
Melee: Unarmed           |    53 |       ||    53
       Tailslap          |     7 |       ||     7
       Dagger            |    15 |    14 ||    29
 Cast: Shock             |    97 |    25 ||   122
  Use: Scroll            |     1 |     2 ||     3
       Potion            |       |     1 ||     1
 Stab: Sleeping          |     1 |       ||     1
  Eat: Chunk             |     6 |     1 ||     7
Armor: Skin              |    21 |     8 ||    29
Dodge: Dodged            |    69 |    21 ||    90

Table legend:
 A = Non-vault XP
 B = Vault XP
 C = Vault XP percentage of total XP
 D = Non-vault monster count
 E = Vault monster count
 F = Vault count percentage of total count
                 A         B        C        D         E       F
            +---------+---------+-------+---------+---------+-------
      Total |     162 |       0 |   0.0 |      62 |       0 |   0.0
            +---------+---------+-------+---------+---------+-------
        D:1 |      47 |       0 |   0.0 |      26 |       0 |   0.0
        D:2 |      57 |       0 |   0.0 |      25 |       0 |   0.0
        D:3 |      58 |       0 |   0.0 |      11 |       0 |   0.0
            +---------+---------+-------+---------+---------+-------
